 Dungeon Crawl Stone Soup version 0.23-a0-577-g2b1de94 (webtiles) character file.

176 zishaf the Sneak (level 5, -1/34 HPs)
             Began as an Octopode Air Elementalist on Dec 16, 2018.
             Was an Initiate of Sif Muna.
             Killed by divine providence
             ... invoked by an orc priest
              (9 damage)
             ... on level 3 of the Dungeon.
             The game lasted 00:08:21 (3816 turns).

zishaf the Sneak (Octopode Air Elementalist)        Turns: 3816, Time: 00:08:22

Health: -1/34      AC:  1    Str:  8    XL:     5   Next: 56%
Magic:  8/8        EV: 14    Int: 18    God:    Sif Muna [......]
Gold:   137        SH:  0    Dex: 12    Spells: 5/8 levels left

rFire    . . .     SeeInvis .   k - +2 short sword (venom)
rCold    . . .     Gourm    .   (no shield)
rNeg     . . .     Faith    .   (helmet restricted)
rPois    +         Spirit   .   (no amulet)
rElec    .         Reflect  .   c - ring of poison resistance
rCorr    .         Harm     .   (no ring)
MR       .....                  (no ring)
Stlth    +++.......             (no ring)
HPRegen  0.11/turn              (no ring)
MPRegen  0.11/turn              (no ring)
                                (no ring)
                                (no ring)

@: no status effects
A: almost no armour, stealthy swim, amphibious, 8 rings, constrict 8, camouflage
1, gelatinous body 1
a: Renounce Religion


You were on level 3 of the Dungeon.
You worshipped Sif Muna.
Sif Muna was noncommittal.
You were not hungry.

You visited 1 branch of the dungeon, and saw 3 of its levels.

You collected 137 gold pieces.

Inventory:

Hand Weapons
 k - a +2 short sword of venom (weapon)
 n - a +0 blowgun
Missiles
 a - 50 stones (quivered)
 o - 32 poisoned needles
Jewellery
 c - a ring of poison resistance (left tentacle)
 j - an uncursed ring of poison resistance
 p - an uncursed ring of protection from fire {unknown}
Wands
 i - a wand of polymorph (4)
Scrolls
 d - 2 scrolls of amnesia {unknown}
 e - 2 scrolls of remove curse {unknown}
 g - 3 scrolls of enchant armour {unknown}
 h - a scroll of identify {unknown}
Potions
 f - a potion of haste {unknown}
 m - a potion of brilliance {unknown}
Comestibles
 b - 8 rations
 l - a chunk of flesh


   Skills:
 + Level 1.9 Fighting
 + Level 0.0 Throwing
 + Level 2.9 Dodging
 + Level 4.1 Stealth
 - Level 2.0 Spellcasting
 + Level 2.4 Conjurations
 - Level 1.0 Charms
 + Level 3.7 Air Magic


You had 5 spell levels left.
You knew the following spells:

 Your Spells              Type           Power        Failure   Level  Hunger
a - Shock                 Conj/Air       ##..         5%          1    #......
b - Swiftness             Chrm/Air       ##......     11%         2    ###....

Your spell library contained the following spells:

 Spells                   Type           Power        Failure   Level  Hunger
 Static Discharge         Conj/Air       ##......     16%         3    ###....
 Airstrike                Air            ###.......   36%         4    #####..
 Lightning Bolt           Conj/Air       ##........   82%         5    ######.


Dungeon Overview and Level Annotations

Branches:
Dungeon (3/15)

Altars:
Fedhas
Sif Muna

Annotations:
D:2 exclusions: downstairs, ogre and 1 more exclusion, Sigmund


Innate Abilities, Weirdness & Mutations

You cannot wear most types of armour.
You are very stealthy in the water. (Stealth+)
You are amphibious.
You can wear up to eight rings at the same time.
You can use your tentacles to constrict eight enemies at once.
Your skin changes colour to match your surroundings (Stealth+).
Your rubbery body absorbs attacks. (AC +1, EV +1)


Message History

You constrict the orc priest.
The orc priest invokes the aid of Beogh against you.
Beogh smites you!
* * * LOW HITPOINT WARNING * * *
You hit the orc priest but do no damage.
The orc priest is poisoned.
You grab the orc priest. You squeeze the orc priest.
The orc priest is moderately wounded.
You constrict the orc priest, but do no damage. x2
The orc priest closely misses you.
The orc priest struggles to escape constriction.
You hit the orc priest but do no damage.
The orc priest looks as sick as possible!
The orc priest is heavily wounded.
You constrict the orc priest.
You constrict the orc priest, but do no damage.
The orc priest escapes!
The orc priest calls down the wrath of Beogh upon you.
Beogh smites you!
You die...

....)...##).###.##
.###)....#..# #.#
##....##.##.###.#
#..(...#..#..##.#
#..##..#..#..##.#
#..##..#..#..##.# ######...
#......#..#..#..#####.......#
##....##.##..#.#o.....#####.#
.######..#....o.@######
........##.#..oo##
##....###..#..#.#
.######...##..#)#
........####..#..
###.#.######..###.
#.............#..##
###########.#.# ..## #.#
#.#.###..#...#....


You could see 2 orc priests and 2 orcs.

Vanquished Creatures
  A hound (D:3)
  Ijyb (D:2)
  Terence (D:3)
  A killer bee zombie (D:3)
  A gnoll (D:1)
  An adder (D:3)
  An ooze (D:3)
  A worm (D:2)
  3 leopard geckos (D:3)
  3 orcs
  2 ball pythons (D:1)
  4 giant cockroaches
  3 goblins
  5 hobgoblins
  2 jackals (D:1)
  4 bats
  3 frilled lizards
  6 kobolds
  6 rats
49 creatures vanquished.

Notes
Turn   | Place    | Note
-------+----------+-------------------------------------------
     0 | D:1      | zishaf the Octopode Air Elementalist began the quest for
                  | the Orb.
     0 | D:1      | Reached XP level 1. HP: 11/11 MP: 3/3
   173 | D:1      | Reached XP level 2. HP: 15/18 MP: 5/5
   248 | D:1      | Reached skill level 3 in Stealth
   560 | D:1      | Reached XP level 3. HP: 17/22 MP: 6/6
   745 | D:1      | Reached skill level 1 in Fighting
   756 | D:1      | Learned a level 2 spell: Swiftness
  1240 | D:2      | Noticed an ogre
  1394 | D:2      | Noticed Sigmund
  1567 | D:2      | Found a blossoming altar of Fedhas.
  1567 | D:2      | Found a deep blue altar of Sif Muna.
  1929 | D:3      | Noticed Ijyb
  2178 | D:2      | Killed Ijyb
  2178 | D:2      | Reached XP level 4. HP: 21/28 MP: 7/7
  2267 | D:2      | Became a worshipper of Sif Muna the Loreminder
  2337 | D:3      | Noticed an ogre
  3250 | D:3      | Reached skill level 4 in Stealth
  3250 | D:3      | Reached XP level 5. HP: 28/34 MP: 6/8
  3466 | D:3      | Noticed Terence
  3474 | D:3      | Killed Terence
  3481 | D:3      | Reached skill level 1 in Charms
  3816 | D:3      | Killed from afar by an orc priest

Vault maps used:
D:1:      onia_arrival_pyramid, minmay_pentomino_p4
D:2:      gammafunk_temple_overflow_wave, kennysheep_generic_room_11,
          uniq_sigmund
D:3:      minmay_randomly_rotated_circles, uniq_ijyb, uniq_robin, uniq_terence

Skill      XL: |  1  2  3  4  5 |
---------------+----------------+-----
Stealth        | 3 4 |  4.1
Fighting       | 1 |  1.9
Conjurations   | 2 |  2.4
Charms         | 1 |  1.0
Dodging        | |  2.9
Spellcasting   | |  2.0
Air Magic      | |  3.7

Action                   |  1- 3 |  4- 6 || total
-------------------------+-------+-------++-------
Melee: Unarmed           |   129 |    25 ||   154
       Tentacles         |    21 |     6 ||    27
       Constrict         |    25 |    10 ||    35
       Short sword       |       |    23 ||    23
 Cast: Shock             |    11 |    29 ||    40
       Swiftness         |       |     2 ||     2
 Stab: Sleeping          |    16 |     2 ||    18
       Confused          |     3 |       ||     3
  Eat: Chunk             |     4 |     2 ||     6
       Ration            |       |     1 ||     1
Armor: Skin              |    12 |     3 ||    15
Dodge: Dodged            |    82 |    35 ||   117

Table legend:
 A = Non-vault XP
 B = Vault XP
 C = Vault XP percentage of total XP
 D = Non-vault monster count
 E = Vault monster count
 F = Vault count percentage of total count
                 A         B        C        D         E       F
            +---------+---------+-------+---------+---------+-------
      Total |     109 |     143 |  56.7 |      37 |      12 |  24.5
            +---------+---------+-------+---------+---------+-------
        D:1 |      38 |       5 |  11.6 |      16 |       3 |  15.8
        D:2 |      23 |      42 |  64.6 |      11 |       2 |  15.4
        D:3 |      48 |      96 |  66.7 |      10 |       7 |  41.2
            +---------+---------+-------+---------+---------+-------
